 Dungeon Crawl Stone Soup version 0.23.2-1-ga50397a (webtiles) character file.

Game seed: 13550290576458344294

647896 dvd the Slayer (level 26, -2/224 HPs)
             Began as a Mummy Fighter on May 8, 2019.
             Was an Initiate of Gozag.
             Slain by Mennas
             ... wielding a +4 trishula of holy wrath
              (8 damage)
             ... on level 3 of the Depths.
             The game lasted 04:01:34 (57999 turns).

dvd the Slayer (Mummy Fighter)                     Turns: 57999, Time: 04:01:34

Health: -2/224     AC: 30    Str: 34    XL:     26   Next: 67%
Magic:  15/15      EV: 29    Int: 13    God:    Gozag
Gold:   13070      SH: 23    Dex: 19    Spells: 25/25 levels left

rFire    + + .     SeeInvis +   a - +9 broad axe (elec)
rCold    + + .     Gourm    .   u - +5 shield {reflect}
rNeg     + + +     Faith    .   S - +7 fire dragon scales of Trial and Error {*Slow rF++ rC- rN+++ rCorr Str+4}
rPois    ∞         Spirit   .   o - +2 helmet "Reryock" {rF+}
rElec    +         Reflect  +   F - +1 cloak of Knowledge {rN+ MP-9 Str+5 Int+3}
rCorr    +         Harm     .   B - +2 pair of gloves of New Discoveries {+Inv rC+ MR+}
MR       +++++                  s - +1 pair of boots "Nom Mytt" {+Fly Regen+ Int+5 SInv}
Stlth    +.........             R - amulet "Wumaf" {rElec rF+ Regen+ Int-3 SInv}
HPRegen  1.27/turn              W - ring of Phasing {EV+8}
MPRegen  0.14/turn              d - ring "Ydaujuig" {Ice rElec MR+ Dex+2 SInv}

@: glowing, studying 2 skills
A: no food or potions, fire vulnerability, cold resistance 1, negative energy
resistance 3, torment resistance, unbreathing, in touch with death 2
}: 5/15 runes: decaying, serpentine, slimy, silver, abyssal
a: Potion Petition, Call Merchant, Bribe Branch, Renounce Religion, Evoke
Invisibility, Evoke Flight


You were on level 3 of the Depths.
You worshipped Gozag.
Gozag was extremely pleased with you.
You were not hungry.

You visited 12 branches of the dungeon, and saw 52 of its levels.
You visited the Abyss 1 time.
You also visited: Trove, Bailey, Gauntlet, Ice Cave and Wizlab.

You collected 35955 gold pieces.
You spent 5156 gold pieces at shops.
You paid 17729 gold pieces to Gozag.

Inventory:

Hand Weapons
 a - a +9 broad axe of electrocution (weapon)
 b - a +9 war axe of flaming
 c - the +9 broad axe of Zaomp {freeze, +Fly rN+ Int+5 Stlth+}
   (You found it on level 5 of the Pits of Slime)

   It has been specially enchanted to freeze those struck by it, causing extra
   injury to most foes and up to half again as much damage against particularly
   susceptible opponents.
   It can also slow down cold-blooded creatures.
   It affects your intelligence (+5).
   It protects you from negative energy.
   It lets you fly.
   It makes you more stealthy.
Missiles
 x - 23 javelins (quivered)
 K - 2 steel javelins
 N - 18 javelins of penetration
 T - 11 poisoned javelins
Armour
 o - the +2 helmet "Reryock" (worn) {rF+}
   (You bought it in a shop on level 15 of the Dungeon)

   It protects you from fire.
 s - the +1 pair of boots "Nom Mytt" (worn) {+Fly Regen+ Int+5 SInv}
   (You found it on level 4 of the Dungeon)

   It affects your intelligence (+5).
   It lets you see invisible.
   It lets you fly.
   It increases your rate of regeneration.
 u - a +5 shield of reflection (worn)
 v - the +0 pair of fencer's gloves {Riposte Dex+3}
   (You found it in a treasure trove)

   It affects your dexterity (+3).
 A - the -2 helmet "Earthly Heaven" {rElec Slay+2 SInv}
   (You found it on level 1 of the Elven Halls)

   It affects your accuracy and damage with ranged weapons and melee attacks
   (+2).
   It insulates you from electricity.
   It lets you see invisible.
 B - the +2 pair of gloves of New Discoveries (worn) {+Inv rC+ MR+}
   (You acquired it on level 1 of the Vaults)

   It protects you from cold.
   It affects your resistance to hostile enchantments.
   It lets you turn invisible.
 F - the +1 cloak of Knowledge (worn) {rN+ MP-9 Str+5 Int+3}
   (You found it in a treasure trove)

   It affects your strength (+5).
   It affects your intelligence (+3).
   It protects you from negative energy.
   It affects your magic capacity (-9).
 J - the +5 ring mail of the Devil {Regen+ Slay+3}
   (You found it on level 6 of the Lair of Beasts)

   It affects your accuracy and damage with ranged weapons and melee attacks
   (+3).
   It increases your rate of regeneration.
 L - the +10 large shield of Ignorance {rN+ Int-4}
   (You found it in a treasure trove)

   It affects your intelligence (-4).
   It protects you from negative energy.
 O - a +1 pair of boots of running
 S - the +7 fire dragon scales of Trial and Error (worn) {*Slow rF++ rC- rN+++ rCorr Str+4}
   (You found it in a treasure trove)

   It affects your strength (+4).
   It greatly protects you from fire.
   It makes you vulnerable to cold.
   It renders you almost immune to negative energy.
   It provides partial protection from all sources of acid and corrosion.
   It may slow you when you take damage.
 X - a scarf of resistance
Jewellery
 d - the ring "Ydaujuig" (right hand) {Ice rElec MR+ Dex+2 SInv}
   (You found it on level 1 of the Lair of Beasts)

   [ring of ice]

   It enhances your ice magic.
   It affects your dexterity (+2).
   It makes you vulnerable to fire.
   It protects you from cold.
   It insulates you from electricity.
   It affects your resistance to hostile enchantments.
   It lets you see invisible.
 e - the necklace of Bloodlust {*Rage +Rage MR++ Int-3 Slay+6 *Curse}
   (You found it in a Gauntlet)

   [amulet of rage]

   It affects your intelligence (-3).
   It affects your accuracy and damage with ranged weapons and melee attacks
   (+6).
   It affects your resistance to hostile enchantments.
   It lets you go berserk.
   It may make you go berserk in combat.
   It curses itself when equipped.
 k - the ring of Igygu {rF+ Str+7 Int-2 Dex-4}
   (You bought it in a shop on level 2 of the Orcish Mines)

   [ring of intelligence]

   It affects your strength (+7).
   It affects your intelligence (-2).
   It affects your dexterity (-4).
   It protects you from fire.
 n - a +5 amulet of reflection
 C - the ring of Robustness {AC+8}
   (You found it on level 3 of the Elven Halls)

   [ring of protection]

   It affects your AC (+8).
 R - the amulet "Wumaf" (around neck) {rElec rF+ Regen+ Int-3 SInv}
   (You bought it in a shop on level 1 of the Snake Pit)

   [amulet of regeneration]

   It affects your intelligence (-3).
   It protects you from fire.
   It insulates you from electricity.
   It lets you see invisible.
   It increases your rate of regeneration.
 V - the ring "Fariy" {rC+ MR+}
   (You took it off a fire giant on level 5 of the Vaults)

   [ring of protection from cold]

   It protects you from cold.
   It affects your resistance to hostile enchantments.
 W - the ring of Phasing (left hand) {EV+8}
   (You found it in an ice cave)

   [ring of evasion]

   It affects your evasion (+8).
 Z - the ring of Vyatibea {rElec rN+ MP+9 Stlth+}
   (You found it on level 3 of the Crypt)

   [ring of magical power]

   It insulates you from electricity.
   It protects you from negative energy.
   It affects your magic capacity (+9).
   It makes you more stealthy.
Wands
 i - a wand of scattershot (7)
 m - a wand of disintegration (28)
 w - a wand of digging (31)
 D - a wand of iceblast (55)
 E - a wand of clouds (5)
 H - a wand of flame (61)
 P - a wand of paralysis (14)
 Q - a wand of random effects (32)
 U - a wand of acid (15)
Scrolls
 f - 16 scrolls of remove curse
 g - 39 scrolls of identify
 h - 11 scrolls of magic mapping
 j - 4 scrolls of fear
 p - 11 scrolls of blinking
 q - a scroll of torment
 r - a scroll of summoning
 t - 10 scrolls of fog
 G - a scroll of enchant weapon
 I - 16 scrolls of teleportation
 M - a scroll of brand weapon
 Y - a scroll of enchant armour
Books
 l - a manual of Dodging
 y - a manual of Spellcasting
Miscellaneous
 z - a lightning rod (4/4)


   Skills:
 + Level 21.7 Fighting
 + Level 21.6 Axes
 + Level 11.8 Throwing
 + Level 10.9 Armour
 + Level 13.9 Dodging
 + Level 9.3 Stealth
 + Level 19.9 Shields
 + Level 1.8 Evocations


You had 25 spell levels left.
You didn't know any spells.
Your spell library contained the following spells:

 Spells                   Type           Power        Failure   Level  Hunger
 Corona                   Hex            #......      50%         1    N/A
 Flame Tongue             Conj/Fire      #....        50%         1    N/A
 Infusion                 Chrm           #...         50%         1    N/A
 Magic Dart               Conj           #...         50%         1    N/A
 Sandblast                Erth           #.....       50%         1    N/A
 Shock                    Conj/Air       #...         50%         1    N/A
 Sting                    Conj/Pois      #...         50%         1    N/A
 Blink                    Tloc           N/A          65%         2    N/A
 Corpse Rot               Necr           N/A          65%         2    N/A
 Ensorcelled Hibernation  Hex/Ice        #.....       65%         2    N/A
 Passwall                 Tmut/Erth      #.......     65%         2    N/A
 Poisonous Vapours        Pois/Air       #.....       65%         2    N/A
 Searing Ray              Conj           #.....       65%         2    N/A
 Shroud of Golubria       Chrm/Tloc      #.........   65%         2    N/A
 Song of Slaying          Chrm           #.......     65%         2    N/A
 Sticks to Snakes         Tmut           #.......     65%         2    N/A
 Swiftness                Chrm/Air       #.......     65%         2    N/A
 Throw Flame              Conj/Fire      #.....       65%         2    N/A
 Throw Frost              Conj/Ice       #.....       65%         2    N/A
 Confuse                  Hex            #.......     86%         3    N/A
 Conjure Flame            Conj/Fire      #.......     86%         3    N/A
 Dazzling Spray           Conj/Hex       #.....       86%         3    N/A
 Gell's Gravitas          Tloc           #.........   86%         3    N/A
 Ignite Poison            Fire/Tmut/Pois #.......     86%         3    N/A
 Lesser Beckoning         Tloc           #.........   86%         3    N/A
 Mephitic Cloud           Conj/Pois/Air  #.......     86%         3    N/A
 Ozocubu's Armour         Chrm/Ice       #.......     86%         3    N/A
 Portal Projectile        Hex/Tloc       #.....       86%         3    N/A
 Spectral Weapon          Hex/Chrm       #.......     86%         3    N/A
 Static Discharge         Conj/Air       #.......     86%         3    N/A
 Stone Arrow              Conj/Erth      #.....       86%         3    N/A
 Teleport Other           Tloc           #.......     86%         3    N/A
 Tukima's Dance           Hex            #.......     86%         3    N/A
 Airstrike                Air            #.........   99%         4    N/A
 Cause Fear               Hex            #.........   99%         4    N/A
 Force Lance              Conj/Tloc      #.......     99%         4    N/A
 Fulminant Prism          Conj/Hex       #.........   99%         4    N/A
 Iskenderun's Mystic Bla  Conj           #.......     99%         4    N/A
 Olgreb's Toxic Radiance  Pois           #.......     99%         4    N/A
 Passage of Golubria      Tloc           N/A          99%         4    N/A
 Petrify                  Tmut/Erth      #.......     99%         4    N/A
 Sticky Flame             Conj/Fire      #.......     99%         4    N/A
 Summon Ice Beast         Ice/Summ       #.......     99%         4    N/A
 Summon Lightning Spire   Summ/Air       #.......     99%         4    N/A
 Throw Icicle             Conj/Ice       #.......     99%         4    N/A
 Agony                    Necr           #.......     100%        5    N/A
 Bolt of Draining         Conj/Necr      #.........   100%        5    N/A
 Dispel Undead            Necr           #.......     100%        5    N/A
 Excruciating Wounds      Chrm/Necr      #.........   100%        5    N/A
 Fireball                 Conj/Fire      #.........   100%        5    N/A
 Lee's Rapid Deconstruct  Erth           #.........   100%        5    N/A
 Lightning Bolt           Conj/Air       #.........   100%        5    N/A
 Metabolic Englaciation   Hex/Ice        #.........   100%        5    N/A
 Silence                  Hex/Air        #.........   100%        5    N/A
 Venom Bolt               Conj/Pois      #.........   100%        5    N/A
 Bolt of Cold             Conj/Ice       #.........   100%        6    N/A
 Bolt of Fire             Conj/Fire      #.........   100%        6    N/A
 Conjure Ball Lightning   Conj/Air       #.........   100%        6    N/A
 Deflect Missiles         Chrm/Air       #.........   100%        6    N/A
 Dispersal                Tloc           #.........   100%        6    N/A
 Freezing Cloud           Conj/Ice/Air   #.........   100%        6    N/A
 Ozocubu's Refrigeration  Ice            #.........   100%        6    N/A
 Simulacrum               Ice/Necr       #.........   100%        6    N/A
 Orb of Destruction       Conj           #.........   100%        7    N/A
 Ring of Flames           Chrm/Fire      #.........   100%        7    N/A
 Spellforged Servitor     Conj/Summ      #.........   100%        7    N/A
 Controlled Blink         Tloc           N/A          100%        8    N/A
 Disjunction              Tloc           #.........   100%        8    N/A
 Ignition                 Fire           #.........   100%        8    N/A
 Dragon's Call            Summ           #.........   100%        9    N/A
 Tornado                  Air            #.........   100%        9    N/A
 Sublimation of Blood     Necr           Unusable     N/A         2    N/A
 Regeneration             Chrm/Necr      Unusable     N/A         3    N/A
 Ice Form                 Ice/Tmut       Unusable     N/A         4    N/A
 Dragon Form              Tmut           Unusable     N/A         7    N/A

Dungeon Overview and Level Annotations

Branches:
Dungeon (15/15)            Temple (1/1) D:6            Lair (6/6) D:10
  Swamp (4/4) Lair:3        Snake (4/4) Lair:4        Slime (5/5) Lair:6
    Orc (2/2) D:9             Elf (3/3) Orc:2        Vaults (5/5) D:13
  Crypt (3/3) Vaults:3       Tomb (0/3) Crypt:3      Depths (3/5) D:15
   Hell (1/1)                 Dis (0/7) Hell            Geh (0/7) Hell
    Coc (0/7) Hell            Tar (0/7) Hell

Altars:
Ashenzari
Cheibriados
Dithmenos
Elyvilon
Fedhas
Gozag
Hepliaklqana
Kikubaaqudgha
Makhleb
Nemelex Xobeh
Okawaru
Qazlal
Ru
Sif Muna
Trog
Uskayaw
Vehumet
Wu Jian
Xom
Yredelemnul
Zin
The Shining One
Beogh

Shops:
D:8 =   D:12 (*   D:13 (   D:15 [=   Orc:2 (=**   Elf:1 *   Lair:4 ?   Lair:5 =
Snake:1 =}=   Snake:4 !   Depths:1 [=

Portals:
Hell: Depths:1 Depths:2 Depths:3
Abyss: Depths:1
Pandemonium: Depths:2
Ziggurat: Depths:2

Annotations:
Depths:3 Mennas


Innate Abilities, Weirdness & Mutations

You do not eat or drink.
Your flesh is vulnerable to fire.
You are immune to poison.
Your flesh is cold resistant. (rC+)
You are immune to negative energy. (rN+++)
You are immune to unholy pain and torment.
You can survive without breathing.
You are strongly in touch with the powers of death.


Message History

Unknown command.
Mennas barely misses you. You block Mennas's attack.
Mennas hits you from afar with a +4 trishula of holy wrath!
* * * LOW HITPOINT WARNING * * *
You convulse!
* * * LOW HITPOINT WARNING * * *
Mennas barely misses you. You block Mennas's attack. x2
You block Mennas's attack. x2
You block Mennas's attack. x2
Mennas hits you from afar with a +4 trishula of holy wrath!
* * * LOW HITPOINT WARNING * * *
You convulse!
* * * LOW HITPOINT WARNING * * *
You block Mennas's attack. Mennas completely misses you.
Mennas hits you from afar with a +4 trishula of holy wrath!
* * * LOW HITPOINT WARNING * * *
You convulse!
You die...
Your body crumbles into a pile of gold.

...#########................
..##$P⌠P#...................
###8....#.#.##+###..........
[.....#.#.# #..........
P.....$.#.# #.....^....
⌠.....'...# ....##..#####
P.....'.A.# .............
??....#.#.# .###..#######.
#8....#A#@# #..##.....##
#### ##.P⌠P#.#.#
#(.##..(....# ... ######.#.#
#.##......... ###.###.##
#.#.# #.#..........
#........# #.#.# #..........
#..#.[....# #.#.#
#.......... #......##..#
#.#.# #..........
....#..##..###.#.#
#..........
......#........#.#
##......)..


You could see Mennas.

Vanquished Creatures
  the Royal Jelly (Slime:5)
  2 ancient liches
  The ghost of Montalir the Peltast, a veteran MiMo of Qazlal (Vaults:4)
  A caustic shrike (Depths:3)
  Saint Roka (Orc:2)
  2 golden dragons (Vaults:5)
  Geryon (Hell)
  A profane servitor (Abyss:5)
  5 bone dragons
  The ghost of Mrkaede the Warrior, an adept MiMo of Hepliaklqana (Depths:3)
  Rupert (Lair:6)
  An electric golem (WizLab)
  5 tentacled monstrosities
  A deep elf blademaster (Elf:2)
  An Executioner (Abyss:4)
  A titan (Vaults:4)
  5 liches
  30 acid blobs
  2 thorn hunters (Swamp:4)
  3 sphinxes
  19 tentacled starspawn
  The ghost of Voyz the Brawler, an adept TrMo of Nemelex Xobeh (Depths:3)
  2 ancient champions (Crypt:1)
  Kirke (Swamp:2)
  4 revenants
  12 azure jellies
  10 nagarajas
  7 fire giants
  3 tengu reavers
  2 shadow dragons (Vaults:5)
  Roxanne (Elf:1)
  A balrug (Hell)
  An iron dragon (Hell)
  2 deep elf sorcerers
  A frost giant (Vaults:4)
  Louise (Swamp:2)
  2 ghouls
  14 vault wardens
  A draconian shifter (Abyss:5)
  12 ironheart preservers
  The ghost of Udad the Thaumaturge, a journeyman GnSk of Uskayaw (D:15)
  7 reapers
  23 stone giants
  8 war gargoyles
  9 very ugly things
  An entropy weaver (Abyss:5)
  7 deep elf demonologists
  A lorocyproca (Abyss:5)
  6 vampire knights
  Azrael (D:12)
  2 deep elf annihilators
  A spark wasp (Depths:3)
  2 minotaurs
  A purple draconian (Abyss:4)
  The ghost of poxu the Peltast, a journeyman MiFi of Okawaru (D:13)
  An eidolon (Crypt:1)
  3 blizzard demons (Hell)
  6 deep elf death magi
  6 ettins
  11 death oozes
  2 green deaths (Abyss:5)
  5 crystal guardians
  11 jiangshi
  A deep elf high priest (Elf:3)
  A quicksilver dragon zombie (Crypt:2)
  7 yaktaur captains
  10 fire dragons
  2 merfolk javelineers (Abyss:5)
  2 rakshasas
  13 ogre magi
  10 great orbs of eyes
  6 ice dragons
  17 naga warriors
  26 vault guards
  20 anacondas
  4 spriggan air magi
  A ghost crab (Swamp:3)
  19 hydras
  3 shambling mangroves (Swamp:4)
  A two-headed ogre (shapeshifter) (Vaults:4)
  5 centaur warriors
  5 death knights
  34 two-headed ogres
  5 alligators
  5 deep troll shamans
  19 naga sharpshooters
  11 vampire magi
  10 death yaks
  15 hell hogs
  2 orc high priests (Orc:2)
  Urug (D:12)
  2 tengu warriors
  2 spriggan berserkers
  5 deep troll earth magi
  5 soul eaters
  3 spriggans
  17 thrashing horrors (Abyss:5)
  26 deep elf knights
  17 wretched stars
  A shock serpent (shapeshifter) (Vaults:1)
  2 titan zombies
  3 iron golems
  31 skeletal warriors
  11 shock serpents
  4 shadow wraiths
  7 sun demons
  A titan skeleton (Abyss:5)
  4 spatial maelstroms
  A fire crab (shapeshifter) (Vaults:2)
  4 iron trolls
  4 sixfirhies
  7 hell knights
  An anaconda zombie (Hell)
  2 unseen horrors
  A salamander mystic (Snake:3)
  4 glowing orange brains
  2 spriggan druids (Swamp:4)
  19 deep trolls
  A kraken simulacrum (Hell)
  A death drake (shapeshifter) (Vaults:2)
  2 golden dragon skeletons
  5 flayed ghosts
  A shadow demon (Abyss:5)
  A ghost moth zombie (Crypt:3)
  5 wizards
  65 starcursed masses
  10 naga ritualists
  4 anaconda skeletons
  8 swamp dragons
  7 phantasmal warriors
  13 ironbrand convokers
  5 lindwurms
  10 mana vipers
  11 harpies
  13 deep elf archers
  An orb spider (shapeshifter) (Vaults:2)
  30 ugly things
  19 orc knights
  9 orc sorcerers
  9 necromancers
  A sphinx zombie (Vaults:3)
  An oklob plant (Lair:2)
  7 wolf spiders
  A shadow dragon skeleton (Crypt:1)
  A stone giant zombie (Crypt:3)
  73 deep elf magi
  9 cyclopes
  3 shining eyes (Slime:5)
  A cyclops (shapeshifter) (Depths:1)
  17 salamanders
  4 worldbinders
  2 manticores
  15 elephants
  3 apocalypse crabs
  22 guardian serpents
  Joseph (D:7)
  2 black mambas (shapeshifter) (Vaults:1)
  A water nymph (Abyss:5)
  A guardian serpent (shapeshifter) (Vaults:4)
  5 ice statues
  47 black mambas
  29 naga magi
  6 rust devils
  A merfolk siren (Abyss:5)
  14 vault sentinels
  A frost giant skeleton (Crypt:3)
  4 eyes of devastation
  A fire giant skeleton (Crypt:3)
  7 torpor snails
  8 gargoyles
  A hellion (Hell)
  15 smoke demons
  A minotaur zombie (Hell)
  22 spiny frogs
  A storm dragon simulacrum (Hell)
  A dire elephant skeleton (Crypt:3)
  3 efreet
  2 hellwings
  3 rime drakes
  A red draconian zombie (Crypt:1)
  15 freezing wraiths
  3 anaconda simulacra (Lair:1)
  7 komodo dragons
  A black draconian zombie (Crypt:1)
  42 yaktaurs
  2 human skeletons (Vaults:1)
  A demonic crawler (Abyss:5)
  A tormentor (Abyss:5)
  17 ancient zymes
  9 ice devils (IceCv)
  4 tengu conjurers
  A yaktaur skeleton (Vaults:5)
  A silent spectre (Abyss:5)
  A jumping spider (shapeshifter) (Abyss:5)
  A merfolk (shapeshifter) (Depths:3)
  5 red devils (Hell)
  A death yak skeleton (Crypt:1)
  12 tyrant leeches
  A wandering mushroom (Lair:3)
  A hydra zombie (Hell)
  3 meliai (D:15)
  13 trolls
  2 polar bears (shapeshifter)
  22 hornets
  2 queen bees
  A blink frog (shapeshifter) (D:15)
  A harpy skeleton (Abyss:5)
  3 bog bodies
  13 polar bears
  A wind drake (shapeshifter) (Vaults:3)
  A hippogriff (shapeshifter) (Abyss:4)
  A dream sheep (shapeshifter) (Vaults:1)
  21 blink frogs
  106 slime creatures
  An ettin zombie (Crypt:3)
  58 raiju
  An ice dragon zombie (Crypt:3)
  11 dream sheep
  A fire dragon zombie (Crypt:3)
  A human simulacrum (Vaults:2)
  9 hippogriffs
  A centaur simulacrum (D:15)
  27 flying skulls
  6 wyverns
  5 wraiths
  2 air elementals
  3 ynoxinuls
  2 ettin skeletons (Crypt:3)
  2 tarantellas (shapeshifter)
  7 water elementals
  3 shadows
  3 hogs (Swamp:2)
  8 golden eyes (Slime:5)
  39 yaks
  3 fire bats
  11 fire elementals
  4 chaos spawn (Abyss:5)
  A steam dragon (D:11)
  7 basilisks
  2 hungry ghosts
  An emperor scorpion simulacrum (Abyss:5)
  A wind drake skeleton (Crypt:2)
  A black mamba skeleton (Hell)
  A golden eye (shapeshifter) (Depths:1)
  45 large abominations
  13 vampire mosquitoes
  11 neqoxecs
  10 wargs
  8 swamp worms
  A soldier ant (shapeshifter) (D:10)
  4 spatial vortices
  83 nagas
  A soldier ant (D:10)
  2 spiny frog zombies
  7 water moccasins
  Menkaure (D:7)
  2 acid dragons
  A harpy simulacrum (Hell)
  A hydra simulacrum (Hell)
  A floating eye (Slime:5)
  9 porcupines
  30 hell hounds
  A deep troll skeleton (Vaults:5)
  51 orc warriors
  8 ice beasts
  8 sky beasts
  12 swamp drakes
  16 black bears
  The ghost of Mrkaede the Chopper, an amateur MiBe of Trog (D:6)
  2 human zombies
  An alligator simulacrum (Hell)
  3 necrophages
  3 phantoms
  6 eyes of draining
  45 ogres
  12 boggarts
  12 centaurs
  60 wolves
  A crocodile (shapeshifter) (Abyss:4)
  A snapping turtle skeleton (Hell)
  17 crocodiles
  A komodo dragon zombie (Crypt:2)
  Blork the orc (Orc:2)
  22 small abominations
  23 bullfrogs
  6 big kobolds
  A gnoll sergeant (D:9)
  A deep troll simulacrum (Vaults:3)
  A wyvern zombie (D:9)
  A water moccasin zombie (D:9)
  10 earth elementals
  3 spiny frog simulacra
  A glowing shapeshifter simulacrum (Vaults:3)
  5 scorpions
  A warg zombie (Crypt:2)
  A yak zombie (Crypt:1)
  A queen bee zombie (Crypt:2)
  3 troll zombies (D:9)
  A spriggan skeleton (Crypt:2)
  46 killer bees
  11 wights
  An electric eel (Bailey)
  7 howler monkeys
  10 crimson imps
  3 bullfrog zombies
  A wyvern simulacrum (Lair:1)
  7 centaur zombies
  2 jellies (Lair:6)
  3 hounds
  4 quasits
  6 centaur skeletons
  20 orc priests
  5 bullfrog skeletons
  2 iron imps
  A water moccasin simulacrum (Lair:1)
  A gnoll shaman (Orc:2)
  A basilisk skeleton (Crypt:1)
  A black bear skeleton (Crypt:2)
  Natasha (twice) (D:3)
  Terence (D:3)
  4 worker ants
  An iguana (D:5)
  28 orc wizards
  7 hell rats
  An acid dragon zombie (Crypt:1)
  5 ogre zombies (D:9)
  An acid dragon skeleton (Crypt:2)
  A big kobold skeleton (Crypt:1)
  A hound skeleton (D:7)
  A howler monkey zombie (D:6)
  22 gnolls
  6 adders
  A howler monkey skeleton (D:4)
  6 shadow imps
  11 white imps
  9 ufetubi (IceCv)
  5 oozes (Lair:6)
  An adder zombie (D:6)
  2 adder skeletons
  2 worms (D:2)
  2 dart slugs (D:1)
  4 leopard geckos
  92 orcs
  7 bats
  A bat skeleton (Crypt:1)
  6 giant cockroaches
  8 goblins
  8 hobgoblins
  6 jackals
  7 quokkas
  3 ball pythons
  A ball python skeleton (D:4)
  A frilled lizard (shapeshifter) (Abyss:5)
  4 frilled lizards
  A goblin skeleton (D:9)
  3 goblin zombies (D:9)
  4 hobgoblin zombies (D:9)
  30 kobolds
  5 orc skeletons (D:9)
  12 orc zombies (D:9)
  6 rats
  10 briar patches (Swamp:4)
  A bush (Lair:2)
  2 fungi
  2 lurking horrors
  16 plants
  27 starspawn tentacles
2918 creatures vanquished.

Vanquished Creatures (collateral kills)
  A titan (Vaults:5)
  A sphinx (Vaults:5)
  2 shadow dragons (Vaults:5)
  A tengu reaver (Vaults:5)
  2 fire giants (Vaults:5)
  2 iron dragons (Vaults:5)
  A frost giant (Vaults:5)
  A deep elf elementalist (Elf:3)
  2 ironheart preservers (Vaults:5)
  A stone giant (Vaults:5)
  4 very ugly things (Vaults:5)
  A deep elf demonologist (Elf:3)
  A dire elephant (shapeshifter) (Vaults:5)
  A deep elf annihilator (Elf:3)
  2 deep elf death magi
  An ettin (Vaults:5)
  5 vault guards (Vaults:5)
  A deep elf high priest (Vaults:5)
  An ice dragon (Vaults:5)
  A catoblepas (shapeshifter) (Vaults:5)
  A dancing weapon (Elf:3)
  A deep elf archer (Vaults:5)
  A deep elf mage (Elf:3)
  A vault sentinel (Vaults:5)
  A hornet (Vaults:5)
37 creatures vanquished.

Vanquished Creatures (others)
  A lich (Vaults:5)
  2 deep elf blademasters (Elf:3)
  2 deep elf master archers (Elf:3)
  A titan (Vaults:5)
  2 quicksilver dragons (Vaults:5)
  2 tengu reavers (Vaults:5)
  2 storm dragons (Vaults:5)
  A shadow dragon (Vaults:5)
  4 fire giants
  A frost giant (Vaults:5)
  2 deep elf sorcerers (Elf:3)
  2 vault wardens (Vaults:5)
  2 deep elf elementalists (Elf:3)
  A stone giant (Vaults:5)
  A very ugly thing (Vaults:5)
  Nessos (Lair:4)
  2 deep elf demonologists (Elf:3)
  6 deep elf annihilators (Elf:3)
  2 ettins (Vaults:5)
  6 deep elf death magi
  4 yaktaur captains (Vaults:5)
  A vault guard (Vaults:5)
  5 deep elf high priests
  28 dancing weapons
  2 two-headed ogres (Vaults:5)
  A death yak (Lair:6)
  2 ogre magi (Vaults:5)
  A hell hog (Depths:2)
  2 deep elf knights (Elf:3)
  A spatial maelstrom (Abyss:4)
  8 deep elf archers
  A glowing orange brain (Vaults:5)
  4 deep trolls (Vaults:5)
  A phantasmal warrior (Vaults:5)
  3 orc knights (Vaults:5)
  2 ironbrand convokers (Vaults:5)
  An orc sorcerer (Vaults:5)
  14 deep elf magi
  A necromancer (Vaults:5)
  An apocalypse crab (Abyss:5)
  A demonic crawler (Abyss:5)
  A hornet (Vaults:5)
  A tengu simulacrum (Vaults:5)
  A dream sheep (Lair:6)
  A hog (shapeshifter) (Vaults:5)
  A human (Swamp:2)
  A fire elemental (Elf:3)
  A spatial vortex (Abyss:5)
  An eye of draining (shapeshifter) (Vaults:5)
  An orc warrior (Vaults:5)
  An ogre (Vaults:5)
  A small abomination (Abyss:5)
  An iron imp (Hell)
  An orc wizard (D:13)
  3 white imps
  An ufetubus (IceCv)
  An orc (D:4)
  2 briar patches (Swamp:4)
  20 fungi
  2 lurking horrors (Abyss:5)
  26 plants
  41 starspawn tentacles
236 creatures vanquished.

Grand Total: 3191 creatures vanquished

Notes
Turn   | Place    | Note
-------+----------+-------------------------------------------
     0 | D:1      | dvd the Mummy Fighter began the quest for the Orb.
     0 | D:1      | Reached XP level 1. HP: 18/18 MP: 1/1
   193 | D:1      | Reached XP level 2. HP: 21/24 MP: 2/2
   803 | D:1      | Reached XP level 3. HP: 27/29 MP: 3/3
  1349 | D:2      | Reached XP level 4. HP: 25/35 MP: 4/4
  1946 | D:2      | Found an ancient bone altar of Kikubaaqudgha.
  1947 | D:2      | Found a white marble altar of Elyvilon.
  2059 | D:3      | Noticed Terence
  2074 | D:3      | Reached XP level 5. HP: 30/41 MP: 5/5
  2075 | D:3      | Killed Terence
  2423 | D:3      | Noticed Natasha
  2432 | D:3      | Killed Natasha
  2642 | D:3      | Noticed Natasha
  2651 | D:3      | Killed Natasha
  2680 | D:4      | Found a glowing golden altar of the Shining One.
  2742 | D:4      | Reached XP level 6. HP: 48/48 MP: 6/6
  2825 | D:4      | Got a pair of dazzling boots
  2839 | D:4      | Identified the +1 pair of boots "Nom Mytt" {+Fly Regen+
                  | Int+5 SInv} (You found it on level 4 of the Dungeon)
  2884 | D:4      | Reached skill level 1 in Dodging
  3163 | D:5      | Entered Level 5 of the Dungeon
  3191 | D:5      | Noticed a sky beast
  3200 | D:5      | Killed a sky beast
  3233 | D:5      | Found a sacrificial altar of Ru.
  3327 | D:5      | Reached XP level 7. HP: 54/54 MP: 7/7
  3551 | D:5      | Reached skill level 5 in Axes
  3943 | D:6      | Found a large runed translucent door.
  3943 | D:6      | Found a large runed translucent door.
  3958 | D:6      | Found a staircase to the Ecumenical Temple.
  3974 | Temple   | Entered the Ecumenical Temple
  4048 | Temple   | Became a worshipper of Gozag Ym Sagoz the Greedy
  4261 | D:6      | Reached skill level 1 in Throwing
  4378 | D:6      | Reached XP level 8. HP: 61/61 MP: 8/8
  4525 | D:6      | Noticed Mrkaede's ghost (amateur MiBe)
  4683 | D:7      | Found an iron altar of Okawaru.
  4683 | D:7      | Found a shattered altar of Ashenzari.
  4683 | D:7      | Found a snail-covered altar of Cheibriados.
  4683 | D:7      | Noticed Joseph
  4888 | D:7      | Killed Joseph
  5343 | D:6      | Reached skill level 5 in Shields
  5408 | D:7      | Reached XP level 9. HP: 57/66 MP: 9/9
  5433 | D:7      | Found a sacrificial altar of Ru.
  5689 | D:7      | Noticed Menkaure
  5700 | D:7      | Killed Menkaure
  5834 | D:7      | Reached skill level 5 in Armour
  5854 | D:7      | Reached skill level 5 in Fighting
  6266 | D:8      | Found a flagged portal.
  6301 | Bailey   | Entered a bailey
  6520 | Bailey   | Noticed an orc high priest
  6520 | Bailey   | Noticed a kobold demonologist
  6522 | Bailey   | Noticed an orange demon
  7201 | D:9      | Found a staircase to the Orcish Mines.
  7283 | D:9      | Reached skill level 1 in Stealth
  7331 | D:9      | Reached XP level 10. HP: 71/74 MP: 10/10
  7837 | D:9      | Noticed a cyclops
  8573 | D:9      | Killed a cyclops
  8665 | D:8      | Bought a +5 amulet of reflection for 700 gold pieces
  8938 | D:10     | Entered Level 10 of the Dungeon
  8991 | D:10     | Got a spiked ring mail
  9070 | D:10     | Identified the +5 ring mail of Tomorrow {*Corrode +Inv
                  | rElec} (You found it on level 10 of the Dungeon)
  9149 | D:8      | Bought an uncursed ring of protection from fire for 425
                  | gold pieces
  9216 | D:6      | Killed Mrkaede's ghost
  9216 | D:6      | Reached XP level 11. HP: 80/83 MP: 11/11
  9393 | D:10     | Noticed a seven-headed hydra
  9414 | D:10     | Killed a four-headed hydra
  9773 | D:10     | Found a staircase to the Lair.
  9801 | D:10     | Found a portal to a secret trove of treasure.
  9893 | D:10     | Reached skill level 10 in Axes
 10183 | Lair:1   | Entered Level 1 of the Lair of Beasts
 10354 | Lair:1   | Found a transporter.
 10624 | Lair:1   | Noticed a four-headed hydra
 10634 | Lair:1   | Killed a one-headed hydra
 10634 | Lair:1   | Reached XP level 12. HP: 53/91 MP: 12/12
 10797 | Lair:1   | Found a transporter.
 10884 | Lair:1   | Noticed a seven-headed hydra
 10892 | Lair:1   | Killed a five-headed hydra
 11160 | Lair:1   | Got a slimy bronze ring
 11164 | Lair:1   | Identified the ring "Ydaujuig" {Ice rElec MR+ Dex+2 SInv}
                  | (You found it on level 1 of the Lair of Beasts)
 11592 | Lair:2   | Got a crude whip
 11612 | Lair:2   | Identified the +3 whip of Distraction {elec, rElec Str-5
                  | Dex+3 SInv} (You found it on level 2 of the Lair of Beasts)
 13266 | Lair:3   | Gained mutation: You are in touch with the powers of death.
                  | [Mummy growth]
 13266 | Lair:3   | Reached XP level 13. HP: 96/98 MP: 13/13
 13435 | Lair:3   | Found a staircase to the Swamp.
 14112 | Lair:4   | Noticed Nessos
 14121 | Lair:4   | Killed Nessos
 14244 | Lair:4   | Found a staircase to the Snake Pit.
 14364 | Lair:4   | Got a fine whip
 14365 | Lair:4   | Identified the cursed +1 whip of Kaoll {venom, Fragile rN+
                  | Int+2 SInv} (You found it on level 4 of the Lair of Beasts)
 14389 | Lair:4   | Reached skill level 10 in Shields
 14416 | Lair:4   | Bought a scroll of enchant weapon for 127 gold pieces
 14416 | Lair:4   | Bought a scroll of teleportation for 51 gold pieces
 14416 | Lair:4   | Bought a scroll of fear for 59 gold pieces
 15359 | Lair:5   | You fall through a shaft!
 15359 | Lair:6   | Entered Level 6 of the Lair of Beasts
 15422 | Lair:6   | Reached skill level 5 in Dodging
 16026 | Lair:5   | Reached XP level 14. HP: 87/108 MP: 14/14
 17116 | Lair:6   | Reached skill level 5 in Throwing
 17142 | Lair:6   | Found a staircase to the Slime Pits.
 17488 | Lair:6   | Got a steaming ring mail
 17499 | Lair:6   | Identified the +5 ring mail of the Devil {Regen+ Slay+3}
                  | (You found it on level 6 of the Lair of Beasts)
 17976 | Lair:6   | Noticed Rupert
 17982 | Lair:6   | Paralysed by Rupert for 5 turns
 18013 | Lair:6   | Killed Rupert
 18013 | Lair:6   | Reached skill level 10 in Fighting
 18146 | Lair:6   | Found a runed translucent door.
 18365 | Lair:6   | Reached XP level 15. HP: 42/115 MP: 15/15
 18764 | D:11     | You fall through a shaft!
 18831 | D:12     | Noticed Urug
 18844 | D:12     | Killed Urug
 18857 | D:12     | Found a gate leading to a gauntlet.
 18910 | Gauntlet | Entered a Gauntlet
 18910 | Gauntlet | Found a transporter.
 18923 | Gauntlet | Found a transporter.
 18926 | Gauntlet | Found the cursed necklace of Bloodlust {*Rage +Rage MR++
                  | Int-3 Slay+6 *Curse}
 18937 | Gauntlet | Found a transporter.
 18942 | Gauntlet | Found a transporter.
 18957 | Gauntlet | Found a transporter.
 18976 | Gauntlet | Found a transporter.
 18988 | Gauntlet | Found a transporter.
 18994 | Gauntlet | Found a transporter.
 19009 | Gauntlet | Found a transporter.
 19021 | Gauntlet | Found a transporter.
 19033 | Gauntlet | Found a transporter.
 19050 | Gauntlet | Found a transporter.
 19068 | Gauntlet | Found a transporter.
 19070 | Gauntlet | Found a transporter.
 19095 | Gauntlet | Found a transporter.
 19099 | Gauntlet | Found a transporter.
 19121 | Gauntlet | Found a transporter.
 19237 | Gauntlet | Found a transporter.
 19645 | D:12     | Noticed Azrael
 19668 | D:12     | Killed Azrael
 19940 | D:12     | Found Soympaw's Assorted Antiques.
 19945 | D:12     | Bought a scroll of enchant weapon for 240 gold pieces
 21114 | Orc:1    | Entered Level 1 of the Orcish Mines
 21432 | Orc:1    | Found a frozen archway.
 21485 | IceCv    | Entered an ice cave
 21785 | IceCv    | Found the ring of Phasing {EV+8}
 22212 | Orc:1    | Found a roughly hewn altar of Beogh.
 22385 | Orc:1    | Found a roughly hewn altar of Beogh.
 22547 | Orc:2    | Entered Level 2 of the Orcish Mines
 22724 | Orc:2    | Found a staircase to the Elven Halls.
 22783 | Orc:2    | Noticed Saint Roka
 22944 | Orc:2    | Noticed Blork the orc
 22964 | Orc:2    | Killed Blork the orc
 23321 | Orc:2    | Reached skill level 15 in Axes
 23592 | Orc:2    | Found Oskuokh's Assorted Antiques.
 23603 | Orc:2    | Bought a scroll of enchant armour for 217 gold pieces
 23603 | Orc:2    | Bought a scroll of teleportation for 87 gold pieces
 23655 | Orc:2    | Killed Saint Roka
 23722 | Orc:2    | Found a roughly hewn altar of Beogh.
 23741 | Orc:2    | Found Nuilotom's General Store.
 23833 | Orc:2    | Found Xotruk's Antique Weapon Boutique.
 23867 | Orc:2    | Bought a scroll of blinking for 75 gold pieces
 23867 | Orc:2    | Bought a scroll of teleportation for 30 gold pieces
 23908 | Orc:2    | Found a roughly hewn altar of Beogh.
 23974 | Orc:2    | Found Julak's Jewellery Boutique.
 23980 | Orc:2    | Bought the cursed ring of Igygu {rF+ Str+7 Int-2 Dex-4} for
                  | 268 gold pieces
 23982 | Orc:2    | Identified a scroll of acquirement
 23998 | Orc:2    | Found Seud's Antique Armour Boutique.
 24023 | Orc:2    | Found a roughly hewn altar of Beogh.
 24714 | D:13     | Reached XP level 16. HP: 90/125 MP: 16/16
 24951 | D:13     | Noticed poxu's ghost (journeyman MiFi)
 24954 | D:13     | Found a runed translucent door.
 24974 | D:13     | Killed poxu's ghost
 25132 | D:13     | Reached skill level 1 in Evocations
 25293 | D:13     | Found a gate to the Vaults.
 25300 | D:13     | Got a scorched morningstar
 25301 | D:13     | Identified the +6 morningstar of Tumult {crush, Str+3
                  | Dex+2} (You found it on level 13 of the Dungeon)
 25780 | D:14     | Found a roughly hewn altar of Beogh.
 26154 | D:15     | Entered Level 15 of the Dungeon
 26323 | D:15     | Noticed Udad's ghost (journeyman GnSk)
 26623 | D:15     | Found a staircase to the Depths.
 26737 | D:15     | Found a runed translucent gate.
 26737 | D:15     | Found a runed translucent gate.
 26738 | D:15     | Found a runed translucent gate.
 26764 | D:15     | Killed Udad's ghost
 27083 | D:15     | Bought an embroidered scarf for 208 gold pieces
 27105 | D:15     | Bought a bloodstained helmet for 247 gold pieces
 27110 | D:15     | Identified the +2 helmet "Reryock" {rF+} (You bought it in
                  | a shop on level 15 of the Dungeon)
 27136 | D:15     | Bought a shiny helmet for 195 gold pieces
 27156 | D:15     | Bought a faintly glowing ring mail for 234 gold pieces
 27166 | D:15     | Identified the +3 ring mail of the Shining Light {Int+7
                  | Dex+2} (You bought it in a shop on level 15 of the Dungeon)
 27400 | Snake:1  | Entered Level 1 of the Snake Pit
 27775 | Snake:1  | Found Keptesk's Jewellery Shop.
 27775 | Snake:1  | Found Cuilloho's Gadget Emporium.
 27776 | Snake:1  | Found Muimaudu's Jewellery Shop.
 27792 | Snake:1  | Bought the amulet "Wumaf" {rElec rF+ Regen+ Int-3 SInv} for
                  | 831 gold pieces
 28212 | Snake:2  | Reached XP level 17. HP: 135/135 MP: 17/17
 29810 | Snake:4  | Entered Level 4 of the Snake Pit
 30446 | Snake:4  | Reached XP level 18. HP: 141/143 MP: 18/18
 31360 | Snake:4  | Got a serpentine rune of Zot
 31445 | Snake:4  | Found Rimetaps's Distillery.
 31793 | Swamp:1  | Entered Level 1 of the Swamp
 31854 | Swamp:2  | Noticed Kirke
 31871 | Swamp:2  | Killed Kirke
 32084 | Swamp:2  | Noticed Louise
 32091 | Swamp:2  | Killed Louise
 32458 | Swamp:4  | Entered Level 4 of the Swamp
 32649 | Swamp:4  | Reached XP level 19. HP: 138/153 MP: 19/19
 32778 | Swamp:4  | Got a decaying rune of Zot
 33907 | Elf:1    | Entered Level 1 of the Elven Halls
 34168 | Elf:1    | Found a magical portal.
 34195 | WizLab   | Entered Doroklohe's Tomb
 34568 | WizLab   | Noticed an electric golem
 34589 | WizLab   | Killed an electric golem
 34971 | Elf:1    | Found Ezafijom's Assorted Antiques.
 35082 | Elf:1    | Identified Roxanne's Papyrus of Changing
 35082 | Elf:1    | Noticed Roxanne
 35096 | Elf:1    | Killed Roxanne
 35345 | Elf:1    | Identified the Guide on Confrontation
 35348 | Elf:1    | Got a faintly humming helmet
 35362 | Elf:1    | Identified the cursed -2 helmet "Earthly Heaven" {rElec
                  | Slay+2 SInv} (You found it on level 1 of the Elven Halls)
 35833 | Elf:2    | Found a runed translucent gate.
 35846 | Elf:2    | Reached skill level 15 in Fighting
 35854 | Elf:2    | Found a runed translucent gate.
 35865 | Elf:2    | Found a runed translucent gate.
 36324 | Elf:2    | Reached XP level 20. HP: 64/162 MP: 21/21
 36544 | Elf:3    | Entered Level 3 of the Elven Halls
 37278 | Elf:3    | Found the +8 storm bow {elec}
 37287 | Elf:3    | Identified the +7 lajatang of Lusoih {drain, rC+ rN+ Dex-2}
 37311 | Elf:3    | Got a scintillating platinum ring
 37313 | Elf:3    | Identified the ring "Muttaurch" {+Inv rPois Str+2 Stlth+}
                  | (You found it on level 3 of the Elven Halls)
 37318 | Elf:3    | Identified Sif Muna's Catalogue of Snow and Air
 37382 | Elf:3    | Identified the cursed +3 hunting sling "Iludat Jozia"
                  | {venom, *Slow rElec Int+2 Stlth+} (You found it on level 3
                  | of the Elven Halls)
 37962 | Vaults:1 | Entered Level 1 of the Vaults
 38092 | Vaults:1 | Reached skill level 5 in Stealth
 38215 | Vaults:1 | Reached skill level 15 in Shields
 39069 | Vaults:1 | Got a pair of smoking gloves
 39080 | Vaults:1 | Identified the +2 pair of gloves of New Discoveries {+Inv
                  | rC+ MR+} (You acquired it on level 1 of the Vaults)
 39169 | Vaults:1 | Reached skill level 10 in Throwing
 39891 | Vaults:2 | Reached XP level 21. HP: 171/171 MP: 22/22
 41584 | Vaults:3 | Reached skill level 10 in Dodging
 41870 | Vaults:3 | Found a staircase to the Crypt.
 43012 | Vaults:4 | Found a large runed translucent door.
 43012 | Vaults:4 | Found a large runed translucent door.
 43012 | Vaults:4 | Found a large runed translucent door.
 43012 | Vaults:4 | Found a large runed translucent door.
 43012 | Vaults:4 | Noticed Montalir's ghost (veteran MiMo)
 43013 | Vaults:4 | Found a large runed translucent door.
 43013 | Vaults:4 | Found a large runed translucent door.
 43013 | Vaults:4 | Found a large runed translucent door.
 43013 | Vaults:4 | Found a large runed translucent door.
 43228 | Vaults:4 | Killed Montalir's ghost
 43256 | Vaults:4 | Reached XP level 22. HP: 182/182 MP: 23/23
 43278 | Vaults:4 | Got a jasper-encrusted ring mail
 43289 | Vaults:4 | Identified the +1 ring mail of Cowardice {Dex+3} (You found
                  | it on level 4 of the Vaults)
 44006 | Slime:1  | Entered Level 1 of the Pits of Slime
 44492 | Slime:5  | Entered Level 5 of the Pits of Slime
 44894 | Slime:5  | Noticed the Royal Jelly
 45179 | Slime:5  | Paralysed by a floating eye for 3 turns
 45453 | Slime:5  | Killed the Royal Jelly
 45569 | Slime:5  | HP: 9/184 [azure jelly[the Royal Jelly] (2)]
 45771 | Slime:5  | Identified the Grimoire of Congealing Fire
 45774 | Slime:5  | Got a slimy rune of Zot
 45786 | Slime:5  | Got a twisted broad axe
 45787 | Slime:5  | Identified the +9 broad axe of Zaomp {freeze, +Fly rN+
                  | Int+5 Stlth+} (You found it on level 5 of the Pits of
                  | Slime)
 45799 | Slime:5  | Identified the Handbook of Fire and Enhancements
 45843 | Slime:5  | Identified Woiroupse's Handbook of Transformation
 45849 | Slime:5  | Got a smoking bone ring
 45851 | Slime:5  | Identified the ring "Uwearuon" {*Corrode +Fly rN+ Str+3}
                  | (You found it on level 5 of the Pits of Slime)
 45907 | Slime:5  | Got a polished mace
 45908 | Slime:5  | Identified the +5 mace "Xumuel" {venom, rElec rC+ MR+
                  | Dex+2} (You found it on level 5 of the Pits of Slime)
 46296 | D:10     | You showed the slimy rune of Zot to enter a treasure trove
 46297 | Trove    | Entered a treasure trove
 46301 | Trove    | Found the +10 large shield of Ignorance {rN+ Int-4}
 46301 | Trove    | Found the +0 pair of fencer's gloves {Riposte Dex+3}
 46367 | Trove    | Got a fine cloak
 46378 | Trove    | Identified the +1 cloak of Knowledge {rN+ MP-9 Str+5 Int+3}
                  | (You found it in a treasure trove)
 46419 | Trove    | Identified a +1 pair of boots of running (You found it in a
                  | treasure trove)
 46443 | Trove    | Identified a +0 pair of boots of running (You found it in a
                  | treasure trove)
 46459 | Trove    | Got steaming fire dragon scales
 46470 | Trove    | Identified the +7 fire dragon scales of Trial and Error
                  | {*Slow rF++ rC- rN+++ rCorr Str+4} (You found it in a
                  | treasure trove)
 46782 | Vaults:5 | Entered Level 5 of the Vaults
 46863 | Vaults:5 | Reached XP level 23. HP: 190/190 MP: 6/24
 47140 | Vaults:5 | Identified Sif Muna's Papyrus of Heat
 47148 | Vaults:5 | Identified the +5 trident "Vomapner" {protect, MR+ Stlth+}
 47170 | Vaults:5 | Got a silver rune of Zot
 47234 | Vaults:5 | Identified the +6 scythe of Vaorgheom {venom, rPois rC+
                  | SInv}
 47250 | Vaults:5 | Identified the ring "Fariy" {rC+ MR+}
 47369 | Vaults:5 | Reached skill level 10 in Armour
 47814 | Vaults:5 | Identified the cursed +1 short sword "Brush" {freeze,
                  | rPois}
 47905 | Vaults:5 | Noticed an ancient lich
 47920 | Vaults:5 | Killed an ancient lich
 48218 | Crypt:1  | Entered Level 1 of the Crypt
 49161 | Crypt:2  | Identified the cursed +0 pair of gloves "Pometef" {+Inv
                  | rElec Str+5 Slay-3} (You found it on level 2 of the Crypt)
 49632 | Crypt:3  | Entered Level 3 of the Crypt
 50010 | Crypt:3  | Noticed an ancient lich
 50011 | Crypt:3  | Found an ancient bone altar of Kikubaaqudgha.
 50028 | Crypt:3  | Killed an ancient lich
 50198 | Crypt:3  | Reached XP level 24. HP: 201/201 MP: 15/24
 50396 | Crypt:3  | Found the +8 demon blade "Bloodbane" {slice, *Rage +Rage
                  | Stlth-}
 50417 | Crypt:3  | Got a crude marble ring
 50419 | Crypt:3  | Identified the ring of Vyatibea {rElec rN+ MP+9 Stlth+}
                  | (You found it on level 3 of the Crypt)
 50428 | Crypt:3  | Identified the cursed +0 mace "Iniurur" {protect, rPois
                  | Int+2} (You found it on level 3 of the Crypt)
 50550 | Crypt:3  | Found a staircase to the Tomb.
 51043 | Depths:1 | Entered Level 1 of the Depths
 51237 | Depths:1 | Found a one-way gate to the infinite horrors of the Abyss.
 51525 | Depths:1 | Found a gateway to Hell.
 51733 | Depths:1 | Found a sacrificial altar of Ru.
 51753 | Depths:1 | Bought a heavily runed plate armour for 868 gold pieces
 51763 | Depths:1 | Identified the +7 plate armour of Meriph {MR+ Stlth+} (You
                  | bought it in a shop on level 1 of the Depths)
 51776 | Depths:1 | Bought an ichor-stained chain mail for 294 gold pieces
 51776 | Depths:1 | Identified the +1 chain mail of Trog's Condemnation {rPois
                  | rC++ Regen+ Dex-5} (You bought it in a shop on level 1 of
                  | the Depths)
 51822 | Depths:1 | Voluntarily entered the Abyss.
 52136 | Abyss:3  | Found a shattered altar of Ashenzari.
 52885 | Abyss:4  | Found a corrupted altar of Lugonu.
 53019 | Abyss:5  | Entered Level 5 of the Abyss
 53019 | Abyss:5  | Entered Level 5 of the Abyss
 53094 | Abyss:5  | Reached XP level 25. HP: 203/210 MP: 15/24
 53650 | Abyss:5  | Paralysed by accursed screaming for 2 turns
 53656 | Abyss:5  | Paralysed by accursed screaming for 1 turns
 53868 | Abyss:5  | Paralysed by accursed screaming for 1 turns
 54003 | Abyss:5  | Found a corrupted altar of Lugonu.
 54056 | Abyss:5  | Paralysed by accursed screaming for 1 turns
 54561 | Abyss:5  | Paralysed by you for 7 turns
 54580 | Abyss:5  | Paralysed by you for 3 turns
 54844 | Abyss:5  | Got an abyssal rune of Zot
 54920 | Depths:1 | Escaped the Abyss
 54945 | Depths:2 | Found a gateway to a ziggurat.
 55362 | Depths:2 | Gained mutation: You are strongly in touch with the powers
                  | of death. [Mummy growth]
 55362 | Depths:2 | Reached XP level 26. HP: 209/222 MP: 15/24
 55422 | Depths:2 | Found a one-way gate leading to the halls of Pandemonium.
 55814 | Hell     | Entered the Vestibule of Hell
 55814 | Hell     | Noticed Geryon
 56308 | Hell     | Killed Geryon
 56504 | Hell     | Found a gateway to the ashen valley of Gehenna.
 56622 | Hell     | Found a gateway to the Iron City of Dis.
 56783 | Hell     | Found a gateway to the freezing wastes of Cocytus.
 56821 | Hell     | Found a gateway to the decaying netherworld of Tartarus.
 57368 | Depths:3 | Identified the +4 trident "Buaryrit" {vamp, +Blink rElec
                  | rPois Dex-3} (You found it on level 3 of the Depths)
 57706 | Depths:3 | Identified the cursed +1 plate armour of Polish {Int+5}
                  | (You found it on level 3 of the Depths)
 57837 | Depths:3 | Noticed Voyz's ghost (adept TrMo)
 57837 | Depths:3 | Noticed Mrkaede's ghost (adept MiMo)
 57838 | Depths:3 | Found a runed translucent gate.
 57838 | Depths:3 | Found a runed translucent gate.
 57838 | Depths:3 | Found a runed translucent gate.
 57863 | Depths:3 | Killed Voyz's ghost
 57890 | Depths:3 | Noticed Mennas
 57911 | Depths:3 | Killed Mrkaede's ghost
 57999 | Depths:3 | HP: 6/224 [Mennas/+4 trishula of holy wrath (16)]
 57999 | Depths:3 | Slain by Mennas

Skill      XL: |  1  2  3  4  5  6  7  8  9 10 11 12 13 14 15 16 17 18 19 20 21 22 23 24 25 |
---------------+----------------------------------------------------------------------------+-----
Axes           | 2 3 4 5 6 7 9 10 12 13 14 15 16 17 18 19 20 21 | 21.6
Shields        | 3 4 5 6 7 8 9 10 11 12 13 14 15 16 17 18 19 | 19.9
Dodging        | 1 2 3 4 5 6 7 8 9 10 11 12 13 | 13.9
Armour         | 3 4 5 6 7 8 9 10 | 10.9
Fighting       | 4 5 6 7 8 9 10 11 12 13 14 15 16 17 18 19 20 21 | 21.7
Throwing       | 1 2 3 4 5 6 8 9 10 11 | 11.8
Stealth        | 1 2 3 4 5 6 7 8 9 |  9.3
Evocations     | 1 |  1.8

Action                   |  1- 3 |  4- 6 |  7- 9 | 10-12 | 13-15 | 16-18 | 19-21 | 22-24 | 25-27 || total
-------------------------+-------+-------+-------+-------+-------+-------+-------+-------+-------++-------
Melee: War axe           |    98 |   178 |   353 |   694 |  1248 |  1079 |   208 |       |       ||  3858
       Hand axe          |       |       |   163 |    33 |       |       |       |       |       ||   196
       Broad axe         |       |       |       |       |       |       |  1156 |  1545 |  1324 ||  4025
Throw: Tomahawk          |       |     5 |    34 |    60 |   195 |   230 |    63 |     5 |     2 ||   594
       Javelin           |       |       |       |       |       |    25 |   234 |   141 |       ||   400
Invok: Potion Petition   |       |       |     1 |       |     1 |       |       |     2 |       ||     4
       Call Merchant     |       |       |     1 |       |     3 |     2 |     1 |     2 |       ||     9
       Bribe Branch      |       |       |       |       |       |       |     1 |     1 |       ||     2
 Abil: Evoke Flight      |       |       |       |       |     2 |     1 |     5 |       |     3 ||    11
Evoke: Wand              |       |       |       |     1 |    11 |       |     1 |     3 |       ||    16
  Use: Scroll            |       |       |     5 |    16 |    16 |     4 |    19 |    16 |     4 ||    80
 Stab: Invisible         |       |     1 |       |       |       |       |       |       |     5 ||     6
       Paralysed         |       |     1 |       |       |       |       |       |       |       ||     1
       Distracted        |       |       |     1 |     3 |    10 |    10 |    26 |    29 |    32 ||   111
       Confused          |       |       |       |       |     3 |       |     3 |       |       ||     6
       Sleeping          |       |       |       |       |     3 |     2 |     9 |     5 |     3 ||    22
       Petrifying        |       |       |       |       |       |       |       |       |     2 ||     2
Armor: Scale mail        |     8 |       |       |       |       |       |       |       |       ||     8
       Chain mail        |    49 |   121 |   273 |   225 |       |       |       |       |       ||   668
       Ring mail         |       |       |       |   185 |   276 |   218 |   199 |   108 |       ||   986
       Fire dragon scale |       |       |       |       |       |       |       |   135 |   246 ||   381
Dodge: Dodged            |    19 |    44 |   151 |   303 |   519 |   791 |   495 |   579 |   831 ||  3732
Block: Shield            |    54 |    82 |   327 |   703 |   940 |   629 |       |    16 |  1255 ||  4006
       Reflection        |       |       |       |     7 |    11 |       |       |       |    25 ||    43
       Large shield      |       |       |       |       |       |   137 |   992 |  1538 |       ||  2667
